 Dungeon Crawl Stone Soup version 0.27-b1-42-g19c61b19a5 (webtiles) character file.

Game seed: 9886186338156801806

459 Descartes the Magician (level 6, -1/32 HPs)
             Began as a Deep Elf Hedge Wizard on July 29, 2021.
             Was an Initiate of Ashenzari.
             Slain by a steam dragon (5 damage)
             ... on level 4 of the Dungeon.
             The game lasted 00:16:42 (5306 turns).

Descartes the Magician (Deep Elf Hedge Wizard)      Turns: 5306, Time: 00:16:43

Health: -1/32      AC:  3    Str:  7    XL:     6   Next: 78%
Magic:  9/15       EV: 13    Int: 21    God:    Ashenzari [......]
Gold:   224        SH:  0    Dex: 14    Spells: 5/15 levels left

rFire    + . .     SeeInvis .   k - +1 short sword (drain)
rCold    . . .     Faith    .   (no shield)
rNeg     . . .     Spirit   .   e - +0 leather armour
rPois    .         Reflect  .   c - +0 hat
rElec    .         Harm     .   (no cloak)
rCorr    .         Rampage  .   (no gloves)
Will     .....                  (no boots)
Stlth    +++.......             (no amulet)
HPRegen  0.10/turn              i - ring of protection from fire
MPRegen  0.14/turn              d - ring of flight

@: flying
A: no striking features
a: Renounce Religion, Curse Item


You were on level 4 of the Dungeon.
You worshipped Ashenzari.
Ashenzari was noncommittal.
You visited 2 branches of the dungeon, and saw 5 of its levels.
You also visited: Sewer.

You collected 224 gold pieces.

Inventory:

Hand Weapons
 a - a +0 dagger
 h - a +0 hand crossbow
 k - a +1 short sword of draining (weapon)
 s - a +1 spectral club
Missiles
 l - 4 javelins
 m - 127 stones
 n - 19 sling bullets
 o - 79 bolts
 q - 40 arrows
 r - 3 poisoned darts
 y - a curare-tipped dart
Armour
 b - a +0 robe
 c - a +0 hat (worn)
 e - a +0 leather armour (worn)
Jewellery
 d - a ring of flight (right hand)
 i - a ring of protection from fire (left hand)
Scrolls
 f - a scroll of identify
 j - 2 scrolls of fog
 p - 2 scrolls of fear
 x - a scroll of summoning
 z - a scroll of noise
Potions
 g - 3 potions of brilliance
 t - 2 potions of mutation
 u - 2 potions of haste
 v - 2 potions of invisibility
 w - 4 potions of cancellation
 A - 3 potions of curing


   Skills:
 + Level 4.7 Dodging
 - Level 5.0 Stealth
 - Level 5.0 Spellcasting
 + Level 3.9 Conjurations
 - Level 1.1 Summonings
 + Level 3.3 Translocations
 + Level 1.1 Air Magic


You had 5 spell levels left.
You knew the following spells:

 Your Spells              Type           Power      Damage    Failure   Level
a - Magic Dart            Conj           84%        1d7       3%          1
b - Blink                 Tloc           N/A        N/A       6%          2
c - Searing Ray           Conj           42%        3d4       4%          2
d - Lightning Bolt        Conj/Air       7%         1d20      85%         5

Your spell library contained the following spells:

 Spells                   Type           Power      Damage    Failure   Level
 Call Imp                 Summ           9%         N/A       16%         2
 Conjure Flame            Conj/Fire      13%        6-21      22%         3
 Ensorcelled Hibernation  Hex/Ice        10%        N/A       24%         2
 Slow                     Hex            5%         N/A       24%         2
 Mephitic Cloud           Conj/Pois/Air  12%        N/A       24%         3
 Swiftness                Air            9%         N/A       30%         3
 Ignite Poison            Fire/Tmut/Pois 5%         N/A       43%         3
 Spider Form              Tmut/Pois      2%         N/A       43%         3
 Fulminant Prism          Conj/Hex       6%         3d7       58%         4
 Airstrike                Air            4%         N/A       71%         4
 Summon Lightning Spire   Summ/Air       9%         N/A       71%         4
 Shadow Creatures         Summ           N/A        N/A       100%        6
 Storm Form               Tmut/Air       3%         N/A       100%        7


Dungeon Overview and Level Annotations

Branches:
Dungeon (4/15)             Temple (1/1) D:4           Sewer (visited)

Altars:
Ashenzari
Cheibriados
Dithmenos
Elyvilon
Fedhas
Gozag
Hepliaklqana
Makhleb
Nemelex Xobeh
Okawaru
Qazlal
Ru
Sif Muna
Trog
Uskayaw
Vehumet
Wu Jian
Xom
Yredelemnul
Zin
The Shining One


Message History

Aim: a steam dragon (78% to hit)
The searing ray hits the gnoll!
You kill the gnoll!
The searing ray hits the endoplasm!
You kill the endoplasm!
The searing ray hits the steam dragon!
The steam dragon is moderately wounded. (Press . to maintain the ray.)
The giant cockroach completely misses you.
The searing ray hits the giant cockroach.
You kill the giant cockroach!
The searing ray hits the hound zombie!
The hound zombie is heavily damaged.
The searing ray hits the steam dragon!
The steam dragon is heavily wounded.
The searing ray hits the giant cockroach!
You kill the giant cockroach!
The searing ray hits the steam dragon.
The steam dragon is heavily wounded.
The searing ray hits the steam dragon but does no damage.
The steam dragon is heavily wounded.
The searing ray hits the hound skeleton!
The hound skeleton is heavily damaged.
You finish channeling your searing ray.
The steam dragon bites you.
* * * LOW HITPOINT WARNING * * *
The steam dragon closely misses you.
The steam dragon bites you but does no damage.
The steam dragon claws you.
* * * LOW HITPOINT WARNING * * *
Casting: Searing Ray (safe; 4% risk of failure)
Confirm with . or Enter, or press ? or * to list all spells.
Aiming: Searing Ray (safe; 4% risk of failure)
Press: ? - help, Shift-Dir - straight line, f/p - steam dragon
Aim: a steam dragon (heavily wounded, 78% to hit)
The searing ray hits the steam dragon.
The steam dragon is severely wounded. (Press . to maintain the ray.)
The steam dragon misses you. The steam dragon claws you.
You die...

##....####..###
##.....### ..#
#....###(# .#
##...###..## .#
#...###....#.
#....#.......
#)...#gZ.....
##...##DJZ.#
#.....@#
##...†##
#.....#
#......#
#.......# ##
##........ .##
#....#####
..### ##..##
##..###


You could see a steam dragon, a hound zombie, an endoplasm, a goblin and a hound
skeleton.

Vanquished Creatures
  A centaur (D:4)
  2 kobold brigands (Sewer)
  A scorpion (D:4)
  Ijyb (D:3)
  A gnoll (D:4)
  7 adders
  2 river rats (Sewer)
  2 worms
  2 dart slugs
  7 endoplasms
  3 giant cockroaches (D:4)
  3 hobgoblins
  A quokka (D:4)
  3 ball pythons
  9 bats
  2 frilled lizards
  2 goblins
  9 kobolds
  12 rats
70 creatures vanquished.

Notes
Turn   | Place    | Note
-------+----------+-------------------------------------------
     0 | D:1      | Descartes the Deep Elf Hedge Wizard began the quest for the
                  | Orb.
     0 | D:1      | Reached XP level 1. HP: 10/10 MP: 7/7
   653 | D:1      | Found a faded altar of an unknown god.
  1254 | D:2      | Reached XP level 2. HP: 15/15 MP: 4/9
  1519 | D:2      | Reached XP level 3. HP: 19/19 MP: 8/11
  1733 | D:2      | Learned a level 2 spell: Blink
  2139 | D:3      | Learned a level 2 spell: Searing Ray
  2363 | D:3      | Noticed Ijyb
  2388 | D:3      | Killed Ijyb
  2389 | D:3      | Reached skill level 5 in Spellcasting
  2389 | D:3      | Reached XP level 4. HP: 24/24 MP: 5/13
  3010 | D:4      | Noticed a centaur
  3022 | D:4      | Killed a centaur
  3023 | D:4      | Reached XP level 5. HP: 21/28 MP: 14/14
  3031 | D:4      | Found a staircase to the Ecumenical Temple.
  3050 | Temple   | Entered the Ecumenical Temple
  3113 | Temple   | Became a worshipper of Ashenzari the Shackled
  3166 | D:4      | Found a glowing drain.
  3177 | Sewer    | Entered a sewer
  4134 | Sewer    | Reached XP level 6. HP: 32/32 MP: 9/15
  4231 | Sewer    | Identified a scroll of acquirement
  4365 | Sewer    | Acquired the Guide on the Feathery Arsonist
  4409 | Sewer    | Learned a level 5 spell: Lightning Bolt
  4421 | Sewer    | HP: 1/32 [kobold/bolt (3)]
  4431 | Sewer    | HP: 1/32 [poisoned by a kobold brigand (curare-tipped
                  | dart)]
  4849 | D:4      | Reached skill level 5 in Stealth
  4849 | D:4      | Reached skill level 1 in Air Magic
  5294 | D:4      | Found an opulent altar of Gozag.
  5294 | D:4      | Noticed a steam dragon
  5306 | D:4      | Slain by a steam dragon

Illustrated notes

Levels and vault maps discovered:
D:1:      erik_arrival_triangle_medium, layout_loops_corners,
          shapermc_ecumenical_altar_ellora, kennysheep_minor_cross
D:2:      minmay_angry_zag, layout_rooms, chequers_jeans
D:3:      layout_loops_ring, minmay_box_of_dots, uniq_ijyb
D:4:      layout_cave_pods, minmay_temple_entry_enclosed_plants,
          portal_sewer_entry_b, minmay_ruined_shrine
Temple:   compressed_dpeg_circular_temple

Skill      XL: |  1  2  3  4  5  6 |
---------------+-------------------+-----
Stealth        | 3 4 5 |  5.0
Dodging        | 3 4 |  4.7
Conjurations   | 2 3 |  3.9
Spellcasting   | 5 |  5.0
Translocations | 2 3 |  3.3
Air Magic      | 1 |  1.1
Summonings     | |  1.1

Action                   |  1- 3 |  4- 6 || total
-------------------------+-------+-------++-------
Melee: Short sword       |    17 |    44 ||    61
 Cast: Magic Dart        |    76 |    60 ||   136
       Searing Ray       |       |     8 ||     8
       Blink             |       |     1 ||     1
  Use: Scroll            |       |     5 ||     5
       Potion            |       |     2 ||     2
 Stab: Sleeping          |     1 |     4 ||     5
Armor: Leather armour    |     1 |    25 ||    26
       Skin              |     5 |       ||     5
Dodge: Dodged            |     6 |    59 ||    65
